Map: Blackburn LE

Players

ViBE - Winner!

  • Race: Protoss Protoss
  • League: Diamond

Mory

  • Race: Terran Terran
  • League: Diamond

VOD

https://youtu.be/XDSLv3b7Bko?t=5131

Description

Time

  • Played on: April 11, 2021, 10:06 p.m.
  • Length: 10:15
Show
View Real Time Build Order
Export as new Build Order

ViBE Protoss - Winner!

Build Orders: 1 Gate Expand, Archon Immortal 

Get SALT Encoding   

  12  0:00  Probe  
  13  0:13  Probe  
  14  0:19  Pylon  
  14  0:25  Probe  
  15  0:37  Probe  
  15  0:39  Gateway  
  16  0:45  Assimilator  
  16  0:49  Probe (Chrono Boost)  
  17  0:59  Probe (Chrono Boost)  
  18  1:04  Probe (Chrono Boost)  
  19  1:16  Probe  
  20  1:24  Nexus  
  20  1:28  Probe  
  21  1:41  Probe  
  21  1:44  Cybernetics Core  
  22  1:49  Assimilator  
  22  1:51  Pylon  
  22  2:00  Probe  
  23  2:09  Pylon  
  23  2:17  Gateway, Stalker (Chrono Boost)  
  23  2:22  Warp Gate  
  25  2:27  Probe  
  26  2:33  Shield Battery  
  26  2:36  Probe  
  27  2:40  Probe  
  27  2:42  Sentry  
  30  2:48  Probe  
  31  2:52  Probe  
  31  2:56  Gateway  
  32  3:01  Probe  
  32  3:05  Probe (Chrono Boost)  
  34  3:13  Probe (Chrono Boost)  
  34  3:16  Stalker, Pylon  
  37  3:22  Probe (Chrono Boost)  
  37  3:23  Probe (Chrono Boost)  
  37  3:26  Stalker  
  41  3:33  Probe x2  
  43  3:38  Twilight Council  
  43  3:46  Probe  
  43  3:47  Probe  
  45  3:50  Stalker  
  45  3:51  Stalker  
  49  3:59  Probe x2  
  51  4:11  Pylon, Probe x2  
  51  4:12  Blink (Chrono Boost)  
  53  4:20  Pylon  
  53  4:22  Pylon  
  53  4:23  Stalker  
  55  4:24  Probe  
  55  4:26  Probe  
  55  4:30  Pylon  
  57  4:40  Stalker x2  
  57  4:42  Probe x2  
  63  4:51  Nexus  
  63  4:57  Probe x2  
  65  5:00  Assimilator x2  
  65  5:09  Probe x2  
  65  5:11  Stalker x2  
  65  5:13  Stalker  
  73  5:21  Probe x2  
  75  5:33  Probe  
  75  5:34  Probe  
  77  5:38  Forge x2  
  77  5:41  Robotics Facility  
  77  5:45  Probe  
  77  5:46  Probe  
  79  5:58  Pylon, Probe x2  
  79  6:01  Pylon  
  81  6:05  Stalker x3  
  81  6:07  Charge  
  81  6:10  Probe x2  
  89  6:14  Protoss Ground Weapons Level 1 (Chrono Boost), Protoss Ground Armor Level 1 (Chrono Boost)  
  89  6:18  Probe  
  90  6:22  Probe x2  
  92  6:30  Nexus, Probe  
  92  6:32  Pylon, Observer  
  94  6:35  Probe x2  
  96  6:42  Probe  
  97  6:47  Probe x2, Pylon  
  97  6:51  Stalker x2, Pylon  
  97  6:52  Stalker  
  105  6:54  Probe  
  105  6:59  Probe  
  105  7:00  Probe  
  108  7:02  Immortal (Chrono Boost)  
  108  7:06  Probe  
  113  7:12  Probe x2  
  113  7:14  Gateway  
  113  7:15  Gateway  
  115  7:18  Probe  
  115  7:19  Gateway  
  115  7:21  Gateway  
  115  7:22  Templar Archives  
  116  7:24  Probe x2  
  116  7:25  Assimilator  
  118  7:30  Assimilator, Zealot x3  
  118  7:35  Probe  
  118  7:36  Probe x2  
  127  7:40  Immortal (Chrono Boost)  
  131  7:46  Probe  
  131  7:47  Probe  
  131  7:48  Probe  
  134  7:52  Probe  
  134  7:57  Assimilator  
  134  7:58  Assimilator, Probe  
  136  8:01  Zealot x2  
  136  8:02  Zealot  
  142  8:13  Pylon  
  142  8:18  Pylon  
  142  8:22  Gateway  
  142  8:25  Gateway  
  142  8:28  Gateway, High Templar  
  142  8:29  High Templar x3  
  142  8:30  High Templar x2  
  142  8:31  Immortal  
  142  8:32  Phoenix  
  142  8:34  Gateway, Nexus  
  154  8:38  Gateway, Pylon, Archon x2  
  154  8:39  Archon  
  158  8:41  Pylon  
  158  8:46  Gateway  
  158  9:02  Immortal  
  158  9:06  Zealot x7  
  176  9:25  High Templar x2  
  176  9:26  High Templar x2  
  176  9:27  High Templar x2, Zealot  
  176  9:28  Zealot x3  
  176  9:30  Archon x2  
  176  9:31  Archon  
  168  10:05  Zealot  
  168  10:06  Zealot x12  
Show
View Real Time Build Order
Export as new Build Order

Mory Terran 

Build Orders: Mech 

Get SALT Encoding   

  12  0:00  SCV  
  13  0:12  SCV  
  14  0:22  Supply Depot  
  14  0:25  SCV  
  15  0:44  SCV  
  15  0:45  Barracks  
  16  0:57  Barracks  
  16  0:58  SCV  
  17  1:10  SCV  
  18  1:22  SCV  
  19  1:34  Marine  
  19  1:35  Orbital Command  
  20  1:47  Command Center  
  20  1:49  Marine  
  21  2:02  Supply Depot  
  21  2:05  Marine  
  21  2:06  Bunker  
  22  2:11  Refinery  
  22  2:13  Marine  
  23  2:22  Refinery  
  23  2:24  SCV  
  24  2:33  Marine  
  24  2:35  Marine, Supply Depot  
  24  2:36  SCV  
  27  2:48  SCV  
  28  2:51  Marine  
  28  2:56  Supply Depot  
  29  3:00  SCV  
  30  3:08  Factory  
  30  3:13  Orbital Command  
  30  3:22  Supply Depot  
  30  3:30  Engineering Bay  
  30  3:31  SCV  
  31  3:40  SCV  
  32  3:43  SCV  
  33  3:51  Supply Depot  
  33  3:52  Factory Tech Lab  
  33  3:53  SCV  
  34  3:55  SCV  
  34  4:01  Missile Turret  
  35  4:05  SCV  
  35  4:08  SCV  
  37  4:13  Supply Depot  
  37  4:16  Siege Tank  
  40  4:17  SCV  
  40  4:20  SCV  
  42  4:29  SCV  
  42  4:31  Factory  
  43  4:32  SCV  
  43  4:37  Refinery  
  44  4:39  Refinery  
  44  4:41  SCV  
  44  4:44  SCV  
  46  4:53  SCV  
  46  4:56  SCV  
  46  4:57  Missile Turret  
  46  4:58  Missile Turret  
  48  5:01  Siege Tank  
  48  5:05  SCV  
  52  5:07  Missile Turret  
  52  5:08  SCV  
  53  5:15  Factory Tech Lab  
  53  5:17  SCV  
  53  5:20  Command Center, SCV  
  55  5:29  SCV  
  55  5:32  SCV  
  55  5:33  Cyclone  
  60  5:41  Armory, SCV  
  61  5:44  SCV  
  62  5:50  Supply Depot  
  62  5:51  Supply Depot  
  62  5:53  Armory  
  62  5:54  SCV  
  62  5:56  SCV  
  64  6:00  Factory  
  64  6:04  Cyclone  
  64  6:05  Missile Turret  
  64  6:06  SCV  
  64  6:09  SCV  
  69  6:18  SCV  
  70  6:19  Siege Tank  
  73  6:33  Orbital Command  
  73  6:36  Missile Turret  
  73  6:37  Hellion  
  73  6:38  Terran Vehicle Weapons Level 1  
  75  6:43  Hellion  
  77  6:51  Hellion  
  77  6:52  Factory  
  79  6:57  SCV  
  79  6:58  Missile Turret  
  79  7:00  Terran Vehicle And Ship Armor Level 1  
  80  7:02  Missile Turret  
  80  7:07  Factory Tech Lab  
  80  7:13  Hellion  
  80  7:15  Infernal Pre-Igniter  
  82  7:19  Missile Turret  
  82  7:29  Sensor Tower  
  85  7:30  Siege Tank  
  85  7:31  Hellion  
  85  7:34  Hellion  
  85  7:36  Orbital Command  
  89  7:39  Missile Turret  
  91  7:53  Command Center  
  91  7:56  Factory  
  91  7:58  Factory, Factory Tech Lab  
  89  8:06  Factory, Hellion x2  
  89  8:07  SCV x2  
  95  8:17  Thor  
  95  8:19  SCV x2  
  103  8:20  SCV  
  104  8:29  Missile Turret  
  104  8:31  SCV x2  
  104  8:32  SCV  
  104  8:34  Hellion  
  109  8:35  Missile Turret  
  109  8:38  Thor  
  109  8:40  Factory Tech Lab  
  109  8:41  Refinery  
  115  8:42  Factory Reactor  
  115  8:43  SCV x2  
  117  8:51  Supply Depot  
  117  8:53  Supply Depot  
  117  8:54  Supply Depot  
  117  8:56  Supply Depot  
  117  9:04  SCV x3  
  117  9:05  Thor  
  117  9:06  Refinery  
  126  9:16  SCV  
  127  9:23  Orbital Command  
  127  9:29  Command Center  
  127  9:32  SCV x2  
  127  9:35  Widow Mine, Siege Tank  
  127  9:36  Hellion  
  142  9:50  Widow Mine x2  
  142  9:52  Refinery  
  146  9:56  Refinery  
Tags
 
Add a new tag
Caveats
  • Supply blocks, unpowered buildings, or Contaminate may cause inaccurate times.
  • Supply counts are checked every 10 seconds.